Match 45521159
Unlisted

Match 45521159
End
Construct Infanterie Kompanie
Selects Luftwaffe Battlegroup
Selects Luftwaffe Pioneer Support
Grenadier Squad
MG 42 Machine Gun Team
Grenadier Squad
GrW 34 Mortar Team
Construct Luftwaffe Kompanie
Jäger Squad
Selects LG40 Recoilless Gun Paradrop
Medical Station
Jäger Squad
Support Elements
Construct Panzergrenadier Kompanie
Wirbelwind Flakpanzer
Selects Stuka Strafing Run
Selects Fallschirmjäger Squad Paradrop
Selects Fragmentation Bombs
Nebelwerfer 42 Rocket Launcher Team
Fragmentation Bombs
Construct Panzer Kompanie
Stuka Strafing Run
Fragmentation Bombs
Panzer IV Medium Tank
Selects LG40 Recoilless Gun Paradrop
Selects Infantry Reserves
Uberwarlord
GoodMan
DevilLidro
polo2B
Ursa Major
Nap
0
0

Comments sign in to comment!

No comments posted yet!